Machettes vs Staline
Created - 18 janvier 2013 at 19:11
Goals
|
| Machettes |
1 |
0 |
0 |
1 |
| Staline |
4 |
1 |
1 |
6 |
|
Shots
|
| Machettes |
17 |
3 |
18 |
38 |
| Staline |
9 |
15 |
9 |
33 |
|
1st period
1. Staline , Matt Carle 4 (Devin Setoguchi, T.J. Fast) at 1:46
2. Staline , Robert Dome 14 (Mark Stuart, Alexandre Daigle) at 3:24
3. Staline , Josh Green 10 (Devin Setoguchi) at 17:07 (SH)
4. Staline , J.T. Wyman 4 (Matt Carle) at 19:19
5. Machettes , Pavel Vorobiev 14 (John Mitchell) at 19:54
Penalties :
Mike Sauer (StJ) for Cross-checking (Minor) at 15:35
2nd period
6. Staline , Cam Janssen 6 (Eric Hunter) at 0:58
Penalties :
T.J. Fast (StJ) for Fighting (Major) at 5:41, Nolan Pratt (CLM) for Fighting (Major) at 5:41, Pavel Vorobiev (CLM) for Holding (Minor) at 10:50
3rd period
7. Staline , Josh Green 11 (Devin Setoguchi) at 8:16
Penalties :
Josh Green (StJ) for Holding Stick (Minor) at 0:49, T.J. Fast (StJ) for Roughing (Minor) at 4:30
Goalie Stats
Jeremy Duchesne (CLM), 22 saves from 24 shots - (0,917), 40:41 minutes
Mathieu Garon (CLM), 5 saves from 9 shots - (0,556), L, 9-7-1, 19:19 minutes
Erik Ersberg (StJ), 37 saves from 38 shots - (0,974), W, 14-6-2, 60:00 minutes
Players Stats for Machettes
Player Name G A P +/- PIM S H SB GA TA FO MP PP MP PK MP
------------------------------------------------------------------------------------
Alexandre Picard 0 0 0 -1 0 0 2 1 0 1 0/0 16:51 2:26 0:00
Andrew MacDonald 0 0 0 -1 0 1 0 2 1 1 0/0 15:16 0:00 0:00
Brad Winchester 0 0 0 -2 0 2 1 0 0 0 0/1 20:39 3:22 0:57
Cory Emmerton 0 0 0 -1 0 2 0 0 0 0 13/20 18:20 2:33 0:00
James Wisniewski 0 0 0 -2 0 1 1 3 0 0 0/0 19:34 2:26 0:32
John Mitchell 0 1 1 -1 0 0 1 0 0 0 5/20 18:12 3:22 1:24
Luca Caputi 0 0 0 -1 0 2 0 0 0 0 0/1 10:41 0:00 0:00
Michal Repik 0 0 0 -1 0 1 1 1 0 0 0/0 10:45 0:02 0:00
Mike Lundin 0 0 0 -2 0 0 1 1 1 0 0/0 26:40 3:31 1:27
Nolan Pratt 0 0 0 -2 5 3 2 1 0 1 0/0 14:31 0:00 0:32
Pavel Vorobiev 1 0 1 0 2 6 4 0 1 0 0/0 15:57 2:33 0:00
Peter Olvecky 0 0 0 0 0 3 2 0 0 0 2/2 16:17 2:33 1:05
Rick Schofield 0 0 0 -2 0 0 0 0 0 0 0/3 12:26 0:02 0:00
Stefan Ruzicka 0 0 0 -2 0 9 3 0 1 0 1/3 18:56 3:22 0:00
Stephane Da Costa 0 0 0 -1 0 2 1 0 0 0 3/4 11:35 0:00 0:32
Steven Goertzen 0 0 0 -2 0 2 3 1 0 0 0/0 12:26 0:02 0:00
Tom Gilbert 0 0 0 -2 0 3 2 2 0 1 0/0 26:31 3:31 1:27
Tyler McNeely 0 0 0 -2 0 1 1 0 1 0 0/0 12:22 0:00 0:00
Players Stats for Staline
Player Name G A P +/- PIM S H SB GA TA FO MP PP MP PK MP
------------------------------------------------------------------------------------
Alexandre Daigle 0 1 1 1 0 3 3 0 1 0 4/6 22:11 0:42 3:17
Brandon Prust 0 0 0 1 0 0 3 0 0 0 0/0 13:28 0:00 1:29
Brock Trotter 0 0 0 1 0 2 0 0 0 0 0/0 8:42 0:00 0:00
Cam Janssen 1 0 1 1 0 2 2 0 0 0 0/0 10:53 0:00 0:00
Devin Setoguchi 0 3 3 2 0 5 5 0 1 0 1/1 18:01 1:17 1:33
Eric Hunter 0 1 1 1 0 0 1 0 0 0 0/3 9:19 0:00 0:00
Greg Zanon 0 0 0 2 0 1 3 0 0 1 0/0 10:01 0:00 1:10
J.T. Wyman 1 0 1 1 0 3 2 1 1 0 0/0 10:45 0:00 1:19
Josh Green 2 0 2 2 2 5 1 0 0 0 1/1 17:27 1:17 1:00
Mark Stuart 0 1 1 3 0 2 3 2 0 0 0/0 25:55 1:22 3:07
Matt Carle 1 1 2 2 0 3 1 0 1 2 0/0 24:57 0:37 2:56
Matt Generous 0 0 0 0 0 3 0 2 0 1 0/0 20:14 1:22 1:08
Mike Sauer 0 0 0 1 2 0 2 0 0 0 0/0 17:43 0:00 1:55
Nathan Smith 0 0 0 1 0 0 5 0 0 0 15/25 19:52 0:42 0:18
Robby Dee 0 0 0 1 0 0 0 0 0 0 2/3 8:42 0:00 0:00
Robert Dome 1 0 1 1 0 3 2 0 0 1 2/3 22:51 0:42 3:17
T.J. Fast 0 1 1 2 7 1 1 1 0 0 0/0 18:24 0:37 1:19
Tomas Kana 0 0 0 1 0 0 3 0 0 0 5/12 14:34 1:17 0:00
3 Stars
1 - Devin Setoguchi (StJ)
2 - Josh Green (StJ)
3 - Erik Ersberg (StJ)
Power Play
Machettes - 0 on 3 Attempt(s) - 0,00%
Staline - 0 on 1 Attempt(s) - 0,00%
Penalty Kill
Machettes - 1 on 1 Attempt(s) - 100,00%
- Score 0 goal in Penalty Kill
Staline - 3 on 3 Attempt(s) - 100,00%
- Score 1 goal in Penalty Kill
Official
Referees : Hebert Ghislain and StLaurent Francois
Linesman : Don Henderson and Brad Lazarowich
Game Notes
Jeremy Duchesne enters game at 19:19 of 1st period
Greg Zanon is injured at 2:11 of 2nd period (Severed Left Wrist Tendons)
T.J. Fast beats up Nolan Pratt at 5:41 of 2nd period
Michal Repik is injured at 17:06 of 3rd period (Strained Right Knee)
Machettes
5 vs 5 Forward
Center Left Wing Right Wing Time % Phy DF OF
1 Cory Emmerton Brad Winchester Stefan Ruzicka 40 1 2 2
2 John Mitchell Peter Olvecky Pavel Vorobiev 30 1 2 2
3 Rick Schofield Tyler McNeely Steven Goertzen 20 1 2 2
4 Stephane Da Costa Luca Caputi Michal Repik 10 1 2 2
5 vs 5 Defense
Defense Defense Time % Phy DF OF
1 Mike Lundin Tom Gilbert 40 1 2 2
2 James Wisniewski Nolan Pratt 30 1 2 2
3 Andrew MacDonald Alexandre Picard 20 1 2 2
4 Mike Lundin Tom Gilbert 10 1 2 2
PowerPlay Forward
Center Left Wing Right Wing Time % Phy DF OF
1 John Mitchell Brad Winchester Stefan Ruzicka 60 1 2 2
2 Cory Emmerton Peter Olvecky Pavel Vorobiev 40 1 2 2
PowerPlay Defense
Defense Defense Time % Phy DF OF
1 Mike Lundin Tom Gilbert 60 1 2 2
2 James Wisniewski Alexandre Picard 40 1 2 2
Penalty Kill 4 Players Forward
Center Wing Time % Phy DF OF
1 John Mitchell Pavel Vorobiev 60 1 2 2
2 Cory Emmerton Steven Goertzen 40 1 2 2
Penalty Kill 4 Players Defense
Defense Defense Time % Phy DF OF
1 Mike Lundin Tom Gilbert 60 1 2 2
2 James Wisniewski Nolan Pratt 40 1 2 2
Penalty Kill - 3 Players Forward
Forward Time % Phy DF OF
1 Brad Winchester 60 1 2 2
2 Pavel Vorobiev 40 1 2 2
Penalty Kill - 3 Players Defense
Defense Defense Time % Phy DF OF
1 Mike Lundin Tom Gilbert 60 1 2 2
2 James Wisniewski Nolan Pratt 40 1 2 2
4 vs 4 Forward
Center Wing Time % Phy DF OF
1 Cory Emmerton Stefan Ruzicka 60 1 2 2
2 John Mitchell Pavel Vorobiev 40 1 2 2
4 vs 4 Defense
Defense Defense Time % Phy DF OF
1 Mike Lundin Tom Gilbert 60 1 2 2
2 James Wisniewski Alexandre Picard 40 1 2 2
Last Minutes Offensive
Center Left Wing Right Wing Defense Defense
John Mitchell Brad Winchester Stefan Ruzicka Mike Lundin Tom Gilbert
Last Minutes Defensive
Center Left Wing Right Wing Defense Defense
John Mitchell Brad Winchester Pavel Vorobiev Mike Lundin Nolan Pratt
Goaltenders
Starting : Mathieu Garon
Backup : Jeremy Duchesne
Extra Forwards
Normal : Peter Olvecky, Tyler McNeely, Steven Goertzen - PP : Steven Goertzen, Rick Schofield - PK : Peter Olvecky
Extra Defensemen
Normal : Andrew MacDonald, Nolan Pratt, James Wisniewski - PP : Andrew MacDonald - PK : Alexandre Picard, James Wisniewski
Penalty Shots
Brad Winchester, Pavel Vorobiev, Stefan Ruzicka, Steven Goertzen, John Mitchell
Staline
5 vs 5 Forward
Center Left Wing Right Wing Time % Phy DF OF
1 Nathan Smith Robert Dome Alexandre Daigle 40 1 2 2
2 Tomas Kana Josh Green Devin Setoguchi 30 1 2 2
3 Eric Hunter Brandon Prust Cam Janssen 20 1 2 2
4 Robby Dee Brock Trotter J.T. Wyman 10 1 2 2
5 vs 5 Defense
Defense Defense Time % Phy DF OF
1 Greg Zanon Mark Stuart 40 1 2 2
2 Matt Carle T.J. Fast 30 1 2 2
3 Matt Generous Mike Sauer 20 1 2 2
4 Greg Zanon Mark Stuart 10 1 2 2
PowerPlay Forward
Center Left Wing Right Wing Time % Phy DF OF
1 Nathan Smith Robert Dome Alexandre Daigle 60 1 2 2
2 Tomas Kana Josh Green Devin Setoguchi 40 1 2 2
PowerPlay Defense
Defense Defense Time % Phy DF OF
1 Greg Zanon Mark Stuart 60 1 2 2
2 Matt Carle T.J. Fast 40 1 2 2
Penalty Kill 4 Players Forward
Center Wing Time % Phy DF OF
1 Alexandre Daigle Robert Dome 60 1 2 2
2 Devin Setoguchi Josh Green 40 1 2 2
Penalty Kill 4 Players Defense
Defense Defense Time % Phy DF OF
1 Greg Zanon Mark Stuart 60 1 2 2
2 Matt Carle T.J. Fast 40 1 2 2
Penalty Kill - 3 Players Forward
Forward Time % Phy DF OF
1 Alexandre Daigle 60 1 2 2
2 Robert Dome 40 1 2 2
Penalty Kill - 3 Players Defense
Defense Defense Time % Phy DF OF
1 Greg Zanon Mark Stuart 60 1 2 2
2 Matt Carle T.J. Fast 40 1 2 2
4 vs 4 Forward
Center Wing Time % Phy DF OF
1 Alexandre Daigle Robert Dome 60 1 2 2
2 Devin Setoguchi Josh Green 40 1 2 2
4 vs 4 Defense
Defense Defense Time % Phy DF OF
1 Greg Zanon Mark Stuart 60 1 2 2
2 Matt Carle T.J. Fast 40 1 2 2
Last Minutes Offensive
Center Left Wing Right Wing Defense Defense
Nathan Smith Robert Dome Alexandre Daigle Greg Zanon Mark Stuart
Last Minutes Defensive
Center Left Wing Right Wing Defense Defense
Nathan Smith Robert Dome Alexandre Daigle Greg Zanon Mark Stuart
Goaltenders
Starting : Erik Ersberg
Backup : Tobias Stephan
Extra Forwards
Normal : Cam Janssen, Brandon Prust, J.T. Wyman - PP : Cam Janssen, Brandon Prust - PK : J.T. Wyman
Extra Defensemen
Normal : Matt Generous, Mike Sauer, Matt Carle - PP : Matt Generous - PK : Mike Sauer, Matt Carle
Penalty Shots
Alexandre Daigle, Robert Dome, Devin Setoguchi, Josh Green, Cam Janssen
% Time on Ice - Machettes
Lines # - Real PCT - Wanted PCT - Time Play
Normal Forward
1 - 34% - 40% - 17:43
2 - 23% - 30% - 11:56
3 - 23% - 20% - 11:44
4 - 21% - 10% - 10:41
Normal Defense
1 - 38% - 40% - 19:51
2 - 35% - 30% - 18:05
3 - 24% - 20% - 12:18
4 - 4% - 10% - 1:50
PP Forward
1 - 57% - 60% - 3:24
2 - 43% - 40% - 2:33
PP Defense
1 - 59% - 60% - 3:31
2 - 41% - 40% - 2:26
PK Forward
1 - 100% - 60% - 1:59
2 - 0% - 40% - 0:00
PK Defense
1 - 73% - 60% - 1:27
2 - 27% - 40% - 0:32
PK3 Forward
1 - 0% - 60%
2 - 0% - 40%
PK3 Defense
1 - 0% - 60%
2 - 0% - 40%
44 Forward
1 - 0% - 60%
2 - 0% - 40%
44 Defense
1 - 0% - 60%
2 - 0% - 40%
Last Minute Offensive - 0:00
Last Minute Defensive - 0:00
Total
Forward - 60:00
Defense - 60:00
|
% Time on Ice - Staline
Lines # - Real PCT - Wanted PCT - Time Play
Normal Forward
1 - 36% - 40% - 18:52
2 - 29% - 30% - 15:11
3 - 18% - 20% - 9:19
4 - 17% - 10% - 8:42
Normal Defense
1 - 41% - 40% - 21:30
2 - 31% - 30% - 16:23
3 - 18% - 20% - 9:33
4 - 9% - 10% - 4:38
PP Forward
1 - 35% - 60% - 0:42
2 - 65% - 40% - 1:17
PP Defense
1 - 69% - 60% - 1:22
2 - 31% - 40% - 0:37
PK Forward
1 - 74% - 60% - 4:24
2 - 26% - 40% - 1:33
PK Defense
1 - 69% - 60% - 4:05
2 - 31% - 40% - 1:52
PK3 Forward
1 - 0% - 60%
2 - 0% - 40%
PK3 Defense
1 - 0% - 60%
2 - 0% - 40%
44 Forward
1 - 0% - 60%
2 - 0% - 40%
44 Defense
1 - 0% - 60%
2 - 0% - 40%
Last Minute Offensive - 0:00
Last Minute Defensive - 0:00
Total
Forward - 60:00
Defense - 60:00
|
Play by Play
1st period
0:01 of 1st period - Cory Emmerton wins face-off versus Nathan Smith in neutral zone.
0:10 of 1st period - Wrist shot by Stefan Ruzicka.
0:10 of 1st period - Shot Blocked by Mark Stuart.
0:12 of 1st period - Slapshot by Tom Gilbert.
0:12 of 1st period - Stopped by Erik Ersberg with a rebound.
0:26 of 1st period - Peter Olvecky is hit by Greg Zanon and loses puck.
1:30 of 1st period - Wrist shot by Stefan Ruzicka.
1:30 of 1st period - Stopped by Erik Ersberg with a rebound.
1:46 of 1st period - Slapshot by Matt Carle.
1:46 of 1st period - Goal by Matt Carle - Machettes : 0 - Staline : 1.
1:47 of 1st period - John Mitchell wins face-off versus Tomas Kana in neutral zone.
2:05 of 1st period - Icing by Mike Sauer.
2:06 of 1st period - Cory Emmerton wins face-off versus Tomas Kana in Staline zone.
2:33 of 1st period - Icing by Alexandre Daigle.
2:34 of 1st period - Nathan Smith wins face-off versus Rick Schofield in Staline zone.
2:41 of 1st period - Snap shot by Steven Goertzen.
2:41 of 1st period - Stopped by Erik Ersberg with a rebound.
2:43 of 1st period - Wrist shot by Nolan Pratt.
2:43 of 1st period - Deflect By Mark Stuart.
2:43 of 1st period - Stopped by Erik Ersberg with a rebound.
2:45 of 1st period - Wrist shot by Nolan Pratt.
2:45 of 1st period - Stopped by Erik Ersberg with a rebound.
2:47 of 1st period - Snap shot by Tyler McNeely.
2:47 of 1st period - Stopped by Erik Ersberg with a rebound.
3:16 of 1st period - Snap shot by Robert Dome.
3:16 of 1st period - Shot Misses the Net.
3:22 of 1st period - Snap shot by Robert Dome.
3:22 of 1st period - Stopped by Mathieu Garon with a rebound.
3:24 of 1st period - Snap shot by Mark Stuart.
3:24 of 1st period - Deflect By Robert Dome.
3:24 of 1st period - Goal by Robert Dome - Machettes : 0 - Staline : 2.
3:25 of 1st period - Cory Emmerton wins face-off versus Eric Hunter in neutral zone.
3:28 of 1st period - Cam Janssen is hit by Stefan Ruzicka and loses puck.
4:18 of 1st period - Slapshot by Tom Gilbert.
4:18 of 1st period - Shot Blocked by Mark Stuart.
6:33 of 1st period - Snap shot by Peter Olvecky.
6:33 of 1st period - Stopped by Erik Ersberg with a rebound.
6:35 of 1st period - Wrist shot by James Wisniewski.
6:35 of 1st period - Deflect By Pavel Vorobiev.
6:35 of 1st period - Stopped by Erik Ersberg without a rebound.
6:36 of 1st period - Nathan Smith wins face-off versus John Mitchell in Staline zone.
8:04 of 1st period - J.T. Wyman is hit by Steven Goertzen and loses puck.
9:41 of 1st period - Snap shot by Brock Trotter.
9:41 of 1st period - Stopped by Mathieu Garon without a rebound.
9:42 of 1st period - Cory Emmerton wins face-off versus Nathan Smith in Machettes zone.
9:57 of 1st period - Wrist shot by Stefan Ruzicka.
9:57 of 1st period - Stopped by Erik Ersberg with a rebound.
10:09 of 1st period - Greg Zanon is hit by Pavel Vorobiev and loses puck.
10:38 of 1st period - Andrew MacDonald is hit by Brandon Prust and loses puck.
11:05 of 1st period - Brad Winchester is hit by Greg Zanon.
11:17 of 1st period - Snap shot by Greg Zanon.
11:17 of 1st period - Stopped by Mathieu Garon with a rebound.
12:40 of 1st period - Icing by Mike Lundin.
12:41 of 1st period - Alexandre Daigle wins face-off versus Cory Emmerton in Machettes zone.
13:12 of 1st period - Michal Repik is hit by Brandon Prust and loses puck.
13:58 of 1st period - Andrew MacDonald is hit by Brandon Prust.
14:26 of 1st period - Nolan Pratt is hit by Devin Setoguchi and loses puck.
14:33 of 1st period - Wrist shot by Devin Setoguchi.
14:33 of 1st period - Deflect By Nolan Pratt.
14:33 of 1st period - Stopped by Mathieu Garon with a rebound.
15:00 of 1st period - Wrist shot by Alexandre Daigle.
15:00 of 1st period - Stopped by Mathieu Garon with a rebound.
15:06 of 1st period - Snap shot by Peter Olvecky.
15:06 of 1st period - Stopped by Erik Ersberg without a rebound.
15:07 of 1st period - Cory Emmerton wins face-off versus Nathan Smith in Staline zone.
15:18 of 1st period - Snap shot by Stefan Ruzicka.
15:18 of 1st period - Stopped by Erik Ersberg without a rebound.
15:19 of 1st period - Tomas Kana wins face-off versus Cory Emmerton in Staline zone.
15:35 of 1st period - Minor Penalty to Mike Sauer for Cross-checking.
15:36 of 1st period - Alexandre Daigle wins face-off versus John Mitchell in Staline zone.
15:36 of 1st period - Alexandre Daigle is hit by Stefan Ruzicka.
16:08 of 1st period - Wrist shot by Peter Olvecky.
16:08 of 1st period - Stopped by Erik Ersberg with a rebound.
16:10 of 1st period - Wrist shot by Pavel Vorobiev.
16:10 of 1st period - Stopped by Erik Ersberg with a rebound.
16:12 of 1st period - Slapshot by Tom Gilbert.
16:12 of 1st period - Deflect By Mark Stuart.
16:12 of 1st period - Stopped by Erik Ersberg without a rebound.
16:13 of 1st period - Stefan Ruzicka wins face-off versus Alexandre Daigle in Staline zone.
16:44 of 1st period - Wrist shot by Pavel Vorobiev.
16:44 of 1st period - Stopped by Erik Ersberg with a rebound.
16:46 of 1st period - Wrist shot by Alexandre Picard.
16:46 of 1st period - Shot Misses the Net.
16:48 of 1st period - Slapshot by Alexandre Picard.
16:48 of 1st period - Shot Blocked by J.T. Wyman.
16:52 of 1st period - Wrist shot by Cory Emmerton.
16:52 of 1st period - Stopped by Erik Ersberg with a rebound.
17:05 of 1st period - Icing by John Mitchell.
17:06 of 1st period - Devin Setoguchi wins face-off versus John Mitchell in Machettes zone.
17:07 of 1st period - Wrist shot by Josh Green.
17:07 of 1st period - Goal by Josh Green - Machettes : 0 - Staline : 3.
17:08 of 1st period - John Mitchell wins face-off versus Alexandre Daigle in neutral zone.
17:35 of 1st period - Penalty to Mike Sauer is over, Mike Sauer is back on ice.
17:59 of 1st period - Mike Sauer is hit by Tyler McNeely and loses puck.
18:56 of 1st period - Backhand shot by Pavel Vorobiev.
18:56 of 1st period - Shot Misses the Net.
19:10 of 1st period - James Wisniewski is hit by T.J. Fast and loses puck.
19:19 of 1st period - Slapshot by J.T. Wyman.
19:19 of 1st period - Goal by J.T. Wyman - Machettes : 0 - Staline : 4.
19:19 of 1st period - Jeremy Duchesne enters game.
19:20 of 1st period - Nathan Smith wins face-off versus Brad Winchester in neutral zone.
19:48 of 1st period - Icing by Josh Green.
19:49 of 1st period - John Mitchell wins face-off versus Tomas Kana in Staline zone.
19:54 of 1st period - Snap shot by Pavel Vorobiev.
19:54 of 1st period - Deflect By Matt Carle.
19:54 of 1st period - Goal by Pavel Vorobiev - Machettes : 1 - Staline : 4.
19:55 of 1st period - Cory Emmerton wins face-off versus Nathan Smith in neutral zone.
2nd period
0:01 of 2nd period - Cory Emmerton wins face-off versus Robert Dome in neutral zone.
0:58 of 2nd period - Snap shot by Cam Janssen.
0:58 of 2nd period - Goal by Cam Janssen - Machettes : 1 - Staline : 5.
0:59 of 2nd period - Nathan Smith wins face-off versus Cory Emmerton in neutral zone.
1:02 of 2nd period - Cory Emmerton is hit by Nathan Smith and loses puck.
1:15 of 2nd period - Snap shot by Stefan Ruzicka.
1:15 of 2nd period - Deflect By Cory Emmerton.
1:15 of 2nd period - Shot Misses the Net.
1:15 of 2nd period - Puck is out of play.
1:16 of 2nd period - Tomas Kana wins face-off versus John Mitchell in Staline zone.
1:16 of 2nd period - Tomas Kana is hit by Pavel Vorobiev.
1:42 of 2nd period - Stefan Ruzicka is hit by Mark Stuart.
1:54 of 2nd period - Andrew MacDonald is hit by Greg Zanon and loses puck.
2:10 of 2nd period - Greg Zanon is hit by Steven Goertzen and loses puck.
2:11 of 2nd period - Greg Zanon from Staline is injured at 2:11 of 2nd period (Severed Left Wrist Tendons).
2:12 of 2nd period - Nathan Smith wins face-off versus Stefan Ruzicka in Staline zone.
2:21 of 2nd period - Slapshot by Robert Dome.
2:21 of 2nd period - Shot Blocked by Mike Lundin.
2:39 of 2nd period - Matt Generous is hit by Pavel Vorobiev and loses puck.
2:57 of 2nd period - Icing by Mark Stuart.
2:58 of 2nd period - Tomas Kana wins face-off versus Rick Schofield in Staline zone.
3:02 of 2nd period - Off-side.
3:03 of 2nd period - Nathan Smith wins face-off versus Rick Schofield in neutral zone.
3:35 of 2nd period - Slapshot by Matt Carle.
3:35 of 2nd period - Shot Misses the Net.
3:37 of 2nd period - Wrist shot by Brandon Prust.
3:37 of 2nd period - Shot Misses the Net.
4:17 of 2nd period - Slapshot by Mark Stuart.
4:17 of 2nd period - Shot Blocked by Tom Gilbert.
4:19 of 2nd period - Slapshot by Alexandre Daigle.
4:19 of 2nd period - Stopped by Jeremy Duchesne without a rebound.
4:20 of 2nd period - Nathan Smith wins face-off versus Cory Emmerton in Machettes zone.
4:21 of 2nd period - Snap shot by Alexandre Daigle.
4:21 of 2nd period - Stopped by Jeremy Duchesne without a rebound.
4:22 of 2nd period - Cory Emmerton wins face-off versus Nathan Smith in Machettes zone.
4:27 of 2nd period - Snap shot by Robert Dome.
4:27 of 2nd period - Stopped by Jeremy Duchesne with a rebound.
5:16 of 2nd period - Snap shot by Josh Green.
5:16 of 2nd period - Stopped by Jeremy Duchesne with a rebound.
5:32 of 2nd period - Slapshot by Mike Lundin.
5:32 of 2nd period - Shot Misses the Net.
5:36 of 2nd period - Snap shot by Tom Gilbert.
5:36 of 2nd period - Stopped by Erik Ersberg without a rebound.
5:37 of 2nd period - Cory Emmerton wins face-off versus Nathan Smith in Staline zone.
5:41 of 2nd period - T.J. Fast beats up Nolan Pratt.
5:41 of 2nd period - Penalty to T.J. Fast for Fighting.
5:41 of 2nd period - Penalty to Nolan Pratt for Fighting.
5:42 of 2nd period - Robert Dome wins face-off versus Cory Emmerton in Staline zone.
5:42 of 2nd period - Robert Dome is hit by Brad Winchester.
5:50 of 2nd period - Snap shot by Alexandre Daigle.
5:50 of 2nd period - Deflect By Robert Dome.
5:50 of 2nd period - Shot Blocked by Andrew MacDonald.
5:50 of 2nd period - Puck is out of play.
5:51 of 2nd period - Cory Emmerton wins face-off versus Nathan Smith in Machettes zone.
6:14 of 2nd period - Wrist shot by Stefan Ruzicka.
6:14 of 2nd period - Stopped by Erik Ersberg without a rebound.
6:15 of 2nd period - Josh Green wins face-off versus John Mitchell in Staline zone.
6:22 of 2nd period - John Mitchell is hit by Devin Setoguchi and loses puck.
6:41 of 2nd period - Tom Gilbert is hit by Eric Hunter and loses puck.
7:40 of 2nd period - Peter Olvecky is hit by Tomas Kana and loses puck.
7:57 of 2nd period - Wrist shot by Steven Goertzen.
7:57 of 2nd period - Shot Misses the Net.
8:55 of 2nd period - Peter Olvecky is hit by Devin Setoguchi and loses puck.
9:06 of 2nd period - Mike Lundin is hit by Tomas Kana and loses puck.
9:42 of 2nd period - Tom Gilbert is hit by Nathan Smith and loses puck.
10:02 of 2nd period - Stefan Ruzicka is hit by Nathan Smith and loses puck.
10:11 of 2nd period - Matt Carle is hit by Stefan Ruzicka and loses puck.
10:20 of 2nd period - Cory Emmerton is hit by Robert Dome and loses puck.
10:35 of 2nd period - Wrist shot by Stefan Ruzicka.
10:35 of 2nd period - Stopped by Erik Ersberg without a rebound.
10:36 of 2nd period - Peter Olvecky wins face-off versus Tomas Kana in Staline zone.
10:48 of 2nd period - Josh Green is hit by Peter Olvecky and loses puck.
10:50 of 2nd period - Minor Penalty to Pavel Vorobiev for Holding.
10:51 of 2nd period - Tomas Kana wins face-off versus John Mitchell in Machettes zone.
10:52 of 2nd period - Wrist shot by Josh Green.
10:52 of 2nd period - Shot Blocked by Tom Gilbert.
10:54 of 2nd period - Wrist shot by Devin Setoguchi.
10:54 of 2nd period - Stopped by Jeremy Duchesne without a rebound.
10:55 of 2nd period - John Mitchell wins face-off versus Tomas Kana in Machettes zone.
11:06 of 2nd period - Backhand shot by Josh Green.
11:06 of 2nd period - Deflect By John Mitchell.
11:06 of 2nd period - Stopped by Jeremy Duchesne without a rebound.
11:07 of 2nd period - Tomas Kana wins face-off versus John Mitchell in Machettes zone.
11:33 of 2nd period - Devin Setoguchi is hit by John Mitchell and loses puck.
11:46 of 2nd period - Slapshot by Matt Generous.
11:46 of 2nd period - Stopped by Jeremy Duchesne with a rebound.
11:48 of 2nd period - Slapshot by Mark Stuart.
11:48 of 2nd period - Stopped by Jeremy Duchesne without a rebound.
11:49 of 2nd period - Stephane Da Costa wins face-off versus Nathan Smith in Machettes zone.
11:49 of 2nd period - Stephane Da Costa is hit by Matt Carle.
12:19 of 2nd period - Matt Carle is hit by Mike Lundin and loses puck.
12:50 of 2nd period - Penalty to Pavel Vorobiev is over, Pavel Vorobiev is back on ice.
12:59 of 2nd period - Slapshot by Nolan Pratt.
12:59 of 2nd period - Shot Misses the Net.
13:25 of 2nd period - Backhand shot by Matt Generous.
13:25 of 2nd period - Deflect By James Wisniewski.
13:25 of 2nd period - Stopped by Jeremy Duchesne with a rebound.
13:27 of 2nd period - Slapshot by Matt Generous.
13:27 of 2nd period - Stopped by Jeremy Duchesne with a rebound.
13:29 of 2nd period - Snap shot by J.T. Wyman.
13:29 of 2nd period - Stopped by Jeremy Duchesne with a rebound.
13:31 of 2nd period - Snap shot by Brock Trotter.
13:31 of 2nd period - Stopped by Jeremy Duchesne with a rebound.
13:33 of 2nd period - Backhand shot by Mark Stuart.
13:33 of 2nd period - Stopped by Jeremy Duchesne with a rebound.
13:50 of 2nd period - Snap shot by Robert Dome.
13:50 of 2nd period - Shot Blocked by James Wisniewski.
14:12 of 2nd period - Snap shot by Pavel Vorobiev.
14:12 of 2nd period - Shot Misses the Net.
14:28 of 2nd period - T.J. Fast is hit by Tom Gilbert.
15:30 of 2nd period - Alexandre Picard is hit by Alexandre Daigle and loses puck.
15:43 of 2nd period - Tom Gilbert is hit by Alexandre Daigle and loses puck.
15:54 of 2nd period - Wrist shot by Devin Setoguchi.
15:54 of 2nd period - Stopped by Jeremy Duchesne with a rebound.
16:03 of 2nd period - Off-side.
16:04 of 2nd period - Robby Dee wins face-off versus Cory Emmerton in neutral zone.
16:12 of 2nd period - Alexandre Picard is hit by J.T. Wyman.
16:51 of 2nd period - Nathan Smith is hit by Steven Goertzen and loses puck.
17:00 of 2nd period - Tyler McNeely is hit by Mark Stuart.
17:20 of 2nd period - Stefan Ruzicka is hit by Cam Janssen and loses puck.
17:53 of 2nd period - Mike Sauer is hit by Nolan Pratt and loses puck.
18:10 of 2nd period - Mark Stuart is hit by Michal Repik and loses puck.
18:19 of 2nd period - Michal Repik is hit by Mark Stuart and loses puck.
18:48 of 2nd period - Alexandre Picard is hit by Cam Janssen and loses puck.
18:59 of 2nd period - Snap shot by Cam Janssen.
18:59 of 2nd period - Shot Blocked by Andrew MacDonald.
19:13 of 2nd period - Cory Emmerton is hit by Mike Sauer and loses puck.
3rd period
0:01 of 3rd period - Nathan Smith wins face-off versus John Mitchell in neutral zone.
0:49 of 3rd period - Slapshot by Andrew MacDonald.
0:49 of 3rd period - Deflect By Matt Carle.
0:49 of 3rd period - Stopped by Erik Ersberg without a rebound.
0:49 of 3rd period - Minor Penalty to Josh Green for Holding Stick.
0:50 of 3rd period - Alexandre Daigle wins face-off versus John Mitchell in Staline zone.
1:38 of 3rd period - Matt Carle is hit by Alexandre Picard and loses puck.
2:11 of 3rd period - Stefan Ruzicka is hit by Nathan Smith and loses puck.
2:49 of 3rd period - Penalty to Josh Green is over, Josh Green is back on ice.
3:07 of 3rd period - Michal Repik is hit by Devin Setoguchi and loses puck.
3:26 of 3rd period - Wrist shot by Devin Setoguchi.
3:26 of 3rd period - Shot Blocked by Steven Goertzen.
3:28 of 3rd period - Snap shot by Devin Setoguchi.
3:28 of 3rd period - Stopped by Jeremy Duchesne without a rebound.
3:29 of 3rd period - Robby Dee wins face-off versus John Mitchell in Machettes zone.
3:34 of 3rd period - Snap shot by Brock Trotter.
3:34 of 3rd period - Shot Blocked by Alexandre Picard.
3:40 of 3rd period - Pavel Vorobiev is hit by J.T. Wyman and loses puck.
3:54 of 3rd period - James Wisniewski is hit by Mike Sauer and loses puck.
4:30 of 3rd period - Minor Penalty to T.J. Fast for Roughing.
4:31 of 3rd period - Alexandre Daigle wins face-off versus John Mitchell in Staline zone.
5:24 of 3rd period - Mark Stuart is hit by Alexandre Picard and loses puck.
6:24 of 3rd period - Brad Winchester is hit by Devin Setoguchi and loses puck.
6:30 of 3rd period - Penalty to T.J. Fast is over, T.J. Fast is back on ice.
6:43 of 3rd period - Snap shot by Alexandre Picard.
6:43 of 3rd period - Shot Blocked by Matt Generous.
6:45 of 3rd period - Wrist shot by Michal Repik.
6:45 of 3rd period - Stopped by Erik Ersberg with a rebound.
6:47 of 3rd period - Wrist shot by Stephane Da Costa.
6:47 of 3rd period - Shot Misses the Net.
6:49 of 3rd period - Snap shot by Michal Repik.
6:49 of 3rd period - Shot Misses the Net.
7:42 of 3rd period - Icing by Mike Sauer.
7:43 of 3rd period - Nathan Smith wins face-off versus Cory Emmerton in Staline zone.
7:50 of 3rd period - Snap shot by Brad Winchester.
7:50 of 3rd period - Deflect By Cory Emmerton.
7:50 of 3rd period - Shot Misses the Net.
7:50 of 3rd period - Puck is out of play.
7:51 of 3rd period - Peter Olvecky wins face-off versus Robby Dee in Staline zone.
7:58 of 3rd period - Slapshot by Pavel Vorobiev.
7:58 of 3rd period - Stopped by Erik Ersberg with a rebound.
8:16 of 3rd period - Slapshot by Josh Green.
8:16 of 3rd period - Goal by Josh Green - Machettes : 1 - Staline : 6.
8:17 of 3rd period - John Mitchell wins face-off versus Nathan Smith in neutral zone.
8:43 of 3rd period - Wrist shot by Brad Winchester.
8:43 of 3rd period - Stopped by Erik Ersberg with a rebound.
9:54 of 3rd period - Slapshot by Alexandre Picard.
9:54 of 3rd period - Deflect By Stephane Da Costa.
9:54 of 3rd period - Shot Misses the Net.
9:54 of 3rd period - Puck is out of play.
9:55 of 3rd period - Nathan Smith wins face-off versus John Mitchell in Staline zone.
9:55 of 3rd period - Robert Dome is hit by Peter Olvecky and loses puck.
10:22 of 3rd period - Snap shot by Stefan Ruzicka.
10:22 of 3rd period - Stopped by Erik Ersberg with a rebound.
11:08 of 3rd period - Slapshot by Brock Trotter.
11:08 of 3rd period - Deflect By J.T. Wyman.
11:08 of 3rd period - Stopped by Jeremy Duchesne with a rebound.
11:20 of 3rd period - Snap shot by Tom Gilbert.
11:20 of 3rd period - Shot Misses the Net.
11:22 of 3rd period - Snap shot by Steven Goertzen.
11:22 of 3rd period - Stopped by Erik Ersberg without a rebound.
11:23 of 3rd period - Nathan Smith wins face-off versus John Mitchell in Staline zone.
11:23 of 3rd period - Nathan Smith is hit by Pavel Vorobiev.
11:50 of 3rd period - Andrew MacDonald is hit by Josh Green and loses puck.
12:08 of 3rd period - Wrist shot by Cam Janssen.
12:08 of 3rd period - Stopped by Jeremy Duchesne without a rebound.
12:09 of 3rd period - Stephane Da Costa wins face-off versus Eric Hunter in Machettes zone.
12:34 of 3rd period - Mike Lundin is hit by Tomas Kana and loses puck.
12:41 of 3rd period - Snap shot by Devin Setoguchi.
12:41 of 3rd period - Stopped by Jeremy Duchesne without a rebound.
12:42 of 3rd period - Robert Dome wins face-off versus John Mitchell in Machettes zone.
13:18 of 3rd period - Slapshot by Stefan Ruzicka.
13:18 of 3rd period - Stopped by Erik Ersberg with a rebound.
14:15 of 3rd period - Off-side.
14:16 of 3rd period - Nathan Smith wins face-off versus Stefan Ruzicka in neutral zone.
14:30 of 3rd period - Wrist shot by Stefan Ruzicka.
14:30 of 3rd period - Shot Blocked by Matt Generous.
14:52 of 3rd period - Snap shot by Pavel Vorobiev.
14:52 of 3rd period - Shot Misses the Net.
15:02 of 3rd period - Slapshot by James Wisniewski.
15:02 of 3rd period - Stopped by Erik Ersberg without a rebound.
15:03 of 3rd period - Nathan Smith wins face-off versus Stephane Da Costa in Staline zone.
15:03 of 3rd period - Nathan Smith is hit by Nolan Pratt.
15:39 of 3rd period - Stephane Da Costa is hit by Robert Dome and loses puck.
16:07 of 3rd period - Robert Dome is hit by Tom Gilbert and loses puck.
16:14 of 3rd period - Slapshot by Tom Gilbert.
16:14 of 3rd period - Shot Blocked by T.J. Fast.
16:16 of 3rd period - Snap shot by Stephane Da Costa.
16:16 of 3rd period - Stopped by Erik Ersberg with a rebound.
16:18 of 3rd period - Snap shot by Luca Caputi.
16:18 of 3rd period - Stopped by Erik Ersberg with a rebound.
16:20 of 3rd period - Snap shot by Stephane Da Costa.
16:20 of 3rd period - Stopped by Erik Ersberg with a rebound.
16:24 of 3rd period - Snap shot by Luca Caputi.
16:24 of 3rd period - Stopped by Erik Ersberg with a rebound.
16:44 of 3rd period - Alexandre Picard is hit by Alexandre Daigle and loses puck.
16:57 of 3rd period - Alexandre Daigle is hit by Stephane Da Costa and loses puck.
17:04 of 3rd period - Slapshot by Matt Carle.
17:04 of 3rd period - Stopped by Jeremy Duchesne with a rebound.
17:06 of 3rd period - Wrist shot by Alexandre Daigle.
17:06 of 3rd period - Shot Blocked by Michal Repik.
17:06 of 3rd period - Michal Repik from Machettes is injured at 17:06 of 3rd period (Strained Right Knee).
17:07 of 3rd period - Cory Emmerton wins face-off versus Nathan Smith in Machettes zone.
17:07 of 3rd period - Cory Emmerton is hit by Nathan Smith.
17:38 of 3rd period - Slapshot by Nolan Pratt.
17:38 of 3rd period - Stopped by Erik Ersberg with a rebound.
17:40 of 3rd period - Snap shot by Pavel Vorobiev.
17:40 of 3rd period - Shot Misses the Net.
17:42 of 3rd period - Snap shot by Pavel Vorobiev.
17:42 of 3rd period - Stopped by Erik Ersberg with a rebound.
17:51 of 3rd period - Off-side.
17:52 of 3rd period - Stephane Da Costa wins face-off versus Eric Hunter in neutral zone.
18:04 of 3rd period - Icing by Tyler McNeely.
18:05 of 3rd period - Nathan Smith wins face-off versus Luca Caputi in Machettes zone.
18:34 of 3rd period - Snap shot by Stefan Ruzicka.
18:34 of 3rd period - Stopped by Erik Ersberg without a rebound.
18:35 of 3rd period - Cory Emmerton wins face-off versus Tomas Kana in Staline zone.
18:36 of 3rd period - Wrist shot by Brad Winchester.
18:36 of 3rd period - Stopped by Erik Ersberg without a rebound.
18:37 of 3rd period - Cory Emmerton wins face-off versus Tomas Kana in Staline zone.
18:38 of 3rd period - Slapshot by Brad Winchester.
18:38 of 3rd period - Shot Misses the Net.
18:40 of 3rd period - Snap shot by Cory Emmerton.
18:40 of 3rd period - Stopped by Erik Ersberg with a rebound.
18:44 of 3rd period - Slapshot by Brad Winchester.
18:44 of 3rd period - Shot Misses the Net.
18:46 of 3rd period - Snap shot by James Wisniewski.
18:46 of 3rd period - Deflect By Stefan Ruzicka.
18:46 of 3rd period - Stopped by Erik Ersberg without a rebound.
18:47 of 3rd period - Nathan Smith wins face-off versus John Mitchell in Staline zone.
19:36 of 3rd period - Slapshot by T.J. Fast.
19:36 of 3rd period - Stopped by Jeremy Duchesne with a rebound.
19:38 of 3rd period - Snap shot by Josh Green.
19:38 of 3rd period - Deflect By Steven Goertzen.
19:38 of 3rd period - Stopped by Jeremy Duchesne with a rebound.
19:40 of 3rd period - Slapshot by Matt Carle.
19:40 of 3rd period - Stopped by Jeremy Duchesne with a rebound.
19:42 of 3rd period - Snap shot by Devin Setoguchi.
19:42 of 3rd period - Shot Blocked by Nolan Pratt.
19:44 of 3rd period - Slapshot by Matt Carle.
19:44 of 3rd period - Shot Blocked by James Wisniewski.
19:46 of 3rd period - Snap shot by Josh Green.
19:46 of 3rd period - Shot Blocked by James Wisniewski.
19:56 of 3rd period - J.T. Wyman is hit by James Wisniewski and loses puck.
Output by the SimonT Hockey Simulator (STHS) for François Prévost -- Original Page W3C XHTML 1.0 Valid